 Dungeon Crawl Stone Soup version 0.31-a0-277-g31ea1f65cc (webtiles) character file.

Game seed: 344584262077458344

1372 mopl the Insei (level 8, -10/54 HPs)
             Began as an Octopode Shapeshifter on July 15, 2023.
             Was a Believer of Uskayaw.
             Mangled by an iguana (14 damage)
             ... on level 5 of the Dungeon.
             The game lasted 00:04:38 (3991 turns).

mopl the Insei (Octopode Shapeshifter)              Turns: 3991, Time: 00:04:38

Health: -10/54     AC:  1    Str: 14    XL:     8   Next: 66%
Magic:  6/10       EV: 15    Int: 11    God:    Uskayaw [**....]
Gold:   267        SH:  0    Dex: 14    Spells: 7/7 levels left

rFire   + .          .
                       - Unarmed
rCold   . . .        j - orb of the Untouchables {*channel, rElec Slay+4}
rNeg    . . .        (helmet currently unavailable)
rPois   .            f - amulet of regeneration
rElec   +            l - ring of see invisible
rCorr   .            B - ring of flight
SInv    +            s - ring of protection from fire
Will    .....        (no ring)
Stlth   ++           (no ring)
HPRegen 1.09/turn    (no ring)
MPRegen 0.12/turn    (no ring)
                     (no ring)

%: channel magic (20%)
@: lethally poisoned (-10 -> -11), beast-form, flying, studying Ranged Weapons
A: beast (slay +3), almost no armour, amphibious, 8 rings, camouflage 1,
gelatinous body 1, (nimble swimmer 1), tentacles
a: Begin Untransformation, Renounce Religion, Stomp, Line Pass


You were on level 5 of the Dungeon.
You worshipped Uskayaw.
Uskayaw was noncommittal.
You were a hulking beast.
You visited 2 branches of the dungeon, and saw 6 of its levels.

You collected 267 gold pieces.

Inventory:

Missiles
 d - 6 atropa-tipped darts
 z - 2 boomerangs
 A - 10 poisoned darts
Armour
 j - the orb of the Untouchables (worn) {*channel, rElec Slay+4}
   (You found it on level 2 of the Dungeon)

   Slay:      It affects your accuracy & damage with ranged weapons and melee
   (+4).
   rElec:     It insulates you from electricity.
 x - a +0 cloak of poison resistance
Jewellery
 f - an amulet of regeneration (around mantle)
 k - an amulet of guardian spirit
 l - a ring of see invisible (left tentacle)
 s - a ring of protection from fire (on tentacle)
 B - a ring of flight (right tentacle)
 C - a ring of ice
Talismans
 b - a beast talisman
Wands
 E - a wand of flame (14)
Scrolls
 e - a scroll of teleportation {unknown}
 h - 3 scrolls of noise {unknown}
 m - a scroll of identify {unknown}
 n - a scroll of immolation {unknown}
 p - 3 scrolls of enchant weapon {unknown}
 q - a scroll of fog {unknown}
 r - 4 scrolls of blinking {unknown}
 t - a scroll of butterflies {unknown}
 y - a scroll of revelation {unknown}
 D - a scroll of fear {unknown}
Potions
 a - a potion of lignification {!q}
 c - a potion of degeneration {unknown}
 g - a potion of magic {unknown}
 i - a potion of curing {unknown}
 o - 6 potions of heal wounds {unknown}
 u - a potion of mutation {unknown}
 v - 2 potions of might {unknown}
 w - a potion of brilliance {unknown}


   Skills:
 + Level 4.7 Fighting
 + Level 4.8 Dodging
 * Level 6.5 Unarmed Combat
 + Level 2.9 Invocations
 + Level 4.6 Shapeshifting


You had 7 spell levels left.
You didn't know any spells.
Your spell library contained the following spells:

 Spells                   Type           Power      Damage    Failure   Level
 Lesser Beckoning         Tloc           0%         N/A       69%         2
 Dazzling Flash           Conj/Hex       0%         N/A       87%         3
 Gell's Gravitas          Tloc           0%         N/A       87%         3
 Hailstorm                Conj/Ice       0%         3d3       87%         3
 Teleport Other           Tloc           0%         N/A       87%         3
 Volatile Blastmotes      Fire/Tloc      0%         2d10      87%         3
 Summon Ice Beast         Ice/Summ       0%         N/A       99%         4
 Simulacrum               Ice/Necr       0%         N/A       100%        6
 Starburst                Conj/Fire      0%         6d3       100%        6
 Maxwell's Capacitive Co  Air            0%         ∞         100%        8


Dungeon Overview and Level Annotations

Branches:
Dungeon (5/15)             Temple (1/1) D:4

Altars:
Ashenzari
Cheibriados
Dithmenos
Elyvilon
Fedhas
Gozag
Hepliaklqana
Makhleb
Nemelex Xobeh
Qazlal
Ru
Sif Muna
Trog
Uskayaw
Vehumet
Xom
Yredelemnul
Zin

Shops:
D:3 [


Innate Abilities, Weirdness & Mutations

You are a hulking beast.
Your limbs bulge with bestial killing power. (Slay +3)
You cannot wear most types of armour.
You are amphibious.
You can wear up to eight rings at the same time.
Your skin changes colour to match your surroundings (Stealth+).
Your rubbery body absorbs attacks. (AC +1, EV +1)
((You are camouflaged when in or above water. (Stealth+)))
You have tentacles for arms and can constrict up to eight enemies at once.


Message History

The acid dragon is moderately wounded.
The acid dragon barely misses you. The acid dragon claws you.
The water moccasin bites you!
An iguana comes into view.
You bludgeon the acid dragon! Your squeeze misses the acid dragon.
The acid dragon is heavily wounded.
The water moccasin bites you!
You are poisoned.
The water moccasin poisons you!
An orc priest comes into view. It is wielding a +0 whip.
The acid dragon barely misses you. x2
Aiming: Line Pass
Press: ? - help, Dir - move target The acid dragon appears confused.
The orc appears confused. x2
An orc comes into view. It is wielding a +0 dagger.
Found a scale mail.
Found a stone staircase leading down.
You feel very sick.
The orc shouts!
The orc priest invokes the aid of Beogh against you.
Beogh smites you!
The acid dragon bites the orc!
The orc is killed!
The acid dragon bites itself!
The acid dragon claws itself.
The acid dragon is killed!
The acid dragon scales are intact enough to wear.
The iguana closely misses you.
The orc closely misses the water moccasin.
Unknown command.
Unknown command.
You feel sick. The orc priest hits you with a +0 whip.
* * * LOW HITPOINT WARNING * * *
Unknown command.
You barely miss the orc priest. You grab the orc priest.
You constrict the orc priest.
You feel sick.
The orc seems less confused.
The orc hits you with a +0 dagger.
* * * LOW HITPOINT WARNING * * *
The orc priest mumbles some strange prayers to Beogh against you.
Beogh smites you!
* * * LOW HITPOINT WARNING * * *
The orc completely misses you. The iguana bites you!
You die...

......###
##.#### +#
...... #...
.>##....[.
####.
#.........
#.........
#.........
#
#.........
#
#..o......
#
#.ho......
#
#lo#......
# #...oS#
##### #
####).# ..
#[.# ..#
#..######
..#
###........
..#
#..........
..#
#..........


You could see a water moccasin, an iguana, an orc priest and 3 orcs.

Vanquished Creatures
  Sigmund (D:5)
  An acid dragon (D:5)
  An ice beast (D:4)
  An ogre (D:4)
  A bullfrog (D:4)
  2 scorpions
  3 wights (D:4)
  A howler monkey (D:4)
  A jelly (D:5)
  2 orc priests (D:5)
  4 hounds
  A sleepcap (D:4)
  2 iguanas
  3 orc wizards
  4 gnolls (D:5)
  6 adders
  An ufetubus (D:4)
  3 worms (D:4)
  2 dart slugs (D:2)
  13 orcs
  5 bats
  7 endoplasms
  3 giant cockroaches
  5 goblins
  5 hobgoblins
  5 quokkas
  9 ball pythons
  4 frilled lizards
  8 kobolds
  2 rats (D:2)
  3 butterflies (D:1)
109 creatures vanquished.

Notes
Turn   | Place    | Note
-------+----------+-------------------------------------------
     0 | D:1      | mopl the Octopode Shapeshifter began the quest for the Orb.
     0 | D:1      | Reached XP level 1. HP: 14/14 MP: 1/1
   295 | D:1      | Found a faded altar of an unknown god.
   481 | D:1      | Reached XP level 2. HP: 19/19 MP: 2/2
   936 | D:2      | Identified the orb of the Untouchables {*channel, rElec
                  | Slay+4}
  1196 | D:2      | Found a white marble altar of Elyvilon.
  1203 | D:2      | Reached XP level 3. HP: 24/24 MP: 3/3
  1872 | D:3      | Found Wenas's Armour Shop.
  1961 | D:3      | Reached skill level 3 in Unarmed Combat
  1988 | D:3      | Reached XP level 4. HP: 30/30 MP: 4/4
  2637 | D:4      | Noticed an ogre
  2645 | D:4      | Killed an ogre
  2646 | D:4      | Reached skill level 3 in Fighting
  2646 | D:4      | Reached skill level 3 in Dodging
  2646 | D:4      | Reached XP level 5. HP: 5/36 MP: 5/5
  2741 | D:4      | Reached skill level 4 in Unarmed Combat
  2741 | D:4      | Reached XP level 6. HP: 38/42 MP: 6/6
  2810 | D:4      | Found a staircase to the Ecumenical Temple.
  2814 | D:4      | Noticed an ice beast
  2823 | D:4      | Killed an ice beast
  2828 | Temple   | Entered the Ecumenical Temple
  2887 | Temple   | Became a worshipper of Uskayaw the Reveller
  2928 | D:4      | Reached * piety under Uskayaw
  2931 | D:4      | Reached ** piety under Uskayaw
  2933 | D:4      | Reached skill level 4 in Shapeshifting
  2933 | D:4      | Reached XP level 7. HP: 42/46 MP: 7/7
  2933 | D:4      | Reached *** piety under Uskayaw
  2944 | D:4      | Reached **** piety under Uskayaw
  3015 | D:4      | Reached skill level 5 in Unarmed Combat
  3078 | D:4      | Reached skill level 1 in Invocations
  3133 | D:4      | Reached skill level 4 in Fighting
  3133 | D:4      | Reached skill level 4 in Dodging
  3724 | D:5      | Entered Level 5 of the Dungeon
  3781 | D:5      | Reached XP level 8. HP: 54/54 MP: 9/9
  3786 | D:5      | Reached skill level 2 in Invocations
  3882 | D:5      | Reached skill level 6 in Unarmed Combat
  3966 | D:5      | Noticed Sigmund
  3972 | D:5      | Killed Sigmund
  3991 | D:5      | Mangled by an iguana

Illustrated notes

Levels and vault maps discovered:
D:1:      evilmike_arrival_crescent, layout_basic,
          ebering_ecumenical_altar_rust, hangedman_glass_garden,
          minmay_door_square
D:2:      layout_basic, basic_altar, kennysheep_boxes
D:3:      layout_basic, serial_shops, nicolae_shop_hallway_plus
D:4:      layout_basic, minmay_temple_entry_wispy, st_stairs_6,
          minmay_manual_monstrance
D:5:      minmay_angry_zag, layout_basic, nicolae_letterblocks
          [nicolae_letter_subblock, nicolae_letter_subblock,
          nicolae_letter_subblock, nicolae_letter_subblock,
          nicolae_letter_subblock, nicolae_letter_subblock,
          nicolae_letter_subblock, nicolae_letter_subblock,
          nicolae_letter_subblock, nicolae_letter_subblock,
          nicolae_letter_subblock, nicolae_letter_subblock,
          nicolae_letter_subblock, nicolae_letter_subblock,
          nicolae_letter_subblock, nicolae_letter_subblock,
          nicolae_letter_subblock, nicolae_letter_subblock,
          nicolae_letter_subblock, nicolae_letter_subblock,
          nicolae_letter_subblock, nicolae_letter_subblock,
          nicolae_letter_subblock, nicolae_letter_subblock,
          nicolae_letter_subblock], uniq_sigmund, uniq_duvessa
Temple:   dpeg_three_leaves_temple

Skill      XL: |  1  2  3  4  5  6  7  8 |
---------------+-------------------------+-----
Unarmed Combat | 3 4 5 6 |  6.5
Fighting       | 3 4 |  4.7
Dodging        | 3 4 |  4.8
Shapeshifting  | 4 |  4.6
Invocations    | 1 2 |  2.9

Action                     |  1- 3 |  4- 6 |  7- 9 || total
---------------------------+-------+-------+-------++-------
  Melee: Unarmed           |    71 |    53 |    84 ||   208
         Constrict         |    22 |    19 |    26 ||    67
         Tentacles         |     9 |    15 |    18 ||    42
         Punch             |     2 |     2 |     4 ||     8
 Invoke: Line Pass         |       |       |     1 ||     1
   Stab: Sleeping          |     5 |     2 |     2 ||     9
         Paralysed         |       |       |     6 ||     6
 Armour: Skin              |     4 |     6 |     4 ||    14
  Dodge: Dodged            |    35 |    42 |    58 ||   135

Table legend: (Time is in decaauts)
 A = Elapsed time spent in this place.
 B = Non-inter-level travel time spent in this place.
 C = Inter-level travel time spent in this place.
 D = Time resting spent in this place.
 E = Time spent auto-exploring this place.
 F = Levels seen in this place.
 G = Mean time per level.
                   A        B        C        D        E       F      G
               +--------+--------+--------+--------+--------+-----+--------+
         Total |   3973 |   3806 |    167 |     61 |   3025 |   6 |  662.2 |
       Dungeon |   3900 |   3747 |    153 |     61 |   3025 |   5 |  780.0 |
        Temple |     72 |     59 |     13 |      0 |      0 |   1 |   72.0 |
               +--------+--------+--------+--------+--------+-----+--------+

Top non-repeatable levels by time:
     D:4: 1057 daAuts
     D:3: 1017 daAuts
     D:1: 916 daAuts
     D:2: 646 daAuts
     D:5: 262 daAuts
  Temple: 72 daAuts
